 Dungeon Crawl Stone Soup version 0.26-a0-651-gb41185065b (webtiles) character file.

Game seed: 13406142272357351132

4970 sanka the Nimble (level 10, 0/66 HPs)
             Began as a Halfling Summoner on Oct 25, 2020.
             Was an Initiate of Ru.
             Shot with an arrow by a centaur (16 damage)
             ... on level 9 of the Dungeon on Oct 29, 2020.
             The game lasted 00:34:03 (12665 turns).

sanka the Nimble (Halfling Summoner)               Turns: 12665, Time: 00:34:03

Health: 0/66       AC: 13    Str:  9    XL:     10   Next: 82%
Magic:  13/13      EV: 19    Int: 16    God:    Ru [......]
Gold:   550        SH:  0    Dex: 16    Spells: 3/13 levels left

rFire    + . .     SeeInvis .   a - +2 trident (venom)
rCold    . . .     Faith    .   (shield currently unavailable)
rNeg     . . .     Spirit   .   O - +4 ring mail
rPois    .         Reflect  .   u - +0 helmet
rElec    .         Harm     .   t - +2 cloak
rCorr    .         Rampage  .   (no gloves)
MR       .....                  (no boots)
Stlth    ++........             L - amulet of regeneration
HPRegen  0.61/turn              A - ring of protection from fire
MPRegen  0.13/turn              m - ring of stealth

@: lightly drained
A: small, mutation resistance 1
a: Renounce Religion


You were on level 9 of the Dungeon.
You worshipped Ru.
Ru was noncommittal.
You visited 2 branches of the dungeon, and saw 10 of its levels.
You also visited: Sewer and Ossuary.

You collected 550 gold pieces.


Innate Abilities, Weirdness & Mutations

You are small and have problems with some larger weapons.
You are somewhat resistant to further mutation.


   Skills:
 - Level 5.0(4.8) Fighting
 * Level 11.5(11.3) Dodging
 - Level 2.1(2.0) Stealth
 - Level 2.0(1.8) Spellcasting
 - Level 8.0(7.8) Summonings
 + Level 3.5(3.3) Ice Magic


You had 3 spell levels left.
You knew the following spells:

 Your Spells              Type           Power        Failure   Level
c - Call Canine Familiar  Summ           ####....     7%          3
v - Summon Ice Beast      Ice/Summ       ###.....     52%         4
x - Summon Small Mammal   Summ           ####         2%          1
z - Call Imp              Summ           ####....     3%          2

Your spell library contained the following spells:

 Spells                   Type           Power        Failure   Level
 Summon Guardian Golem    Hex/Summ       ##......     34%         3
 Animate Skeleton         Necr           #.....       52%         1
 Apportation              Tloc           #.....       52%         1
 Corona                   Hex            #......      52%         1
 Summon Lightning Spire   Summ/Air       ##......     75%         4

Inventory:

Hand Weapons
 a - a +2 trident of venom (weapon)
 y - a +2 short sword of protection
 G - a +0 broad axe
 P - the +4 spear of the Immovable Olives {drain, *Drain rElec Dex+5} A truly terrible weapon, it drains the life of those it strikes. It affects your dexterity (+5). It insulates you from electricity. It causes draining when unequipped.
 Q - a +4 long sword of protection
Missiles
 c - 33 poisoned darts (quivered)
 C - 2 curare-tipped darts {=f}
Armour
 h - a scarf of repulsion
 n - a +0 robe
 t - a +2 cloak (worn)
 u - a +0 helmet (worn)
 O - a +4 ring mail (worn)
Magical Staves
 B - an uncursed staff of air
 F - an uncursed staff of earth
Jewellery
 m - a ring of stealth (right hand)
 A - a ring of protection from fire (left hand)
 L - an amulet of regeneration (around neck)
Wands
 b - a wand of digging (3)
 p - a wand of disintegration (7)
Scrolls
 e - 3 scrolls of remove curse
 f - 4 scrolls of immolation {!r}
 g - a scroll of fear
 i - 4 scrolls of blinking
 j - 2 scrolls of teleportation {@r4}
 v - 7 scrolls of magic mapping
 H - 2 scrolls of enchant weapon
 I - a scroll of fog
 J - a scroll of amnesia
 M - 4 scrolls of identify {@r1}
 N - a scroll of enchant armour {unknown}
Potions
 d - 5 potions of curing {unknown}
 k - a potion of mutation {unknown}
 l - 2 potions of flight {unknown}
 o - 3 potions of stabbing {unknown}
 q - 10 potions of heal wounds {unknown}
 r - a potion of ambrosia {unknown}
 s - a potion of berserk rage {unknown}
 w - a potion of degeneration {unknown}
 x - 8 potions of brilliance {unknown}
 z - 2 potions of might {unknown}
 D - 2 potions of cancellation {unknown}
 E - 2 potions of resistance {unknown}
 K - a potion of magic {unknown}

Dungeon Overview and Level Annotations

Branches:
Dungeon (9/15)             Temple (1/1) D:7           Sewer (visited)
Ossuary (visited)
   Lair: D:8-11         Orc: D:9-12

Altars:
Ashenzari
Cheibriados
Dithmenos
Elyvilon
Fedhas
Gozag
Hepliaklqana
Kikubaaqudgha
Makhleb
Nemelex Xobeh
Okawaru
Qazlal
Ru
Sif Muna
Trog
Uskayaw
Vehumet
Wu Jian
Xom
Yredelemnul
Zin
The Shining One

▒▒▒.▒▒ .▒ ▒.
..▒..▒▒.▒
▒.▒▒▒.▒..... ▒
▒.▒.......▒ .▒
▒.▒.▒.▒▒.=▒ ..
▒▒▒▒▒▒.▒.....(.▒.▒.▒▒
.....▒.▒...O▒.(.....▒
▒....▒.▒▒..(c..▒▒▒▒
▒.......p.▒...>....
▒....▒.▒▒.▒▒▒▒....▒
▒....▒.▒.... .▒▒.▒
▒.(..▒.▒........ ▒
+....▒.▒▒▒▒▒.▒▒.▒
▒...)▒.▒▒▒▒▒.▒ .▒
▒.▒▒▒▒)........▒
▒......†.▒▒▒▒▒▒
▒▒▒▒▒▒<▒▒▒


You could see a two-headed ogre and a centaur.


Message History

The arrow hits you!
* * * LOW HITPOINT WARNING * * *
You miss something. Something hits you but does no damage.
The centaur shoots an arrow.
The arrow completely misses you. Something barely misses you.
You closely miss something.
The centaur shoots an arrow.
The arrow hits you but does no damage.
The centaur shoots an arrow.
The arrow hits you but does no damage. Something hits you but does no damage.
A two-headed ogre comes into view. It is wielding two +0 giant clubs.
You barely miss something. Something hits you but does no damage.
The centaur shoots an arrow.
The arrow hits you.
* * * LOW HITPOINT WARNING * * *
The centaur shoots an arrow.
The arrow hits you!
* * * LOW HITPOINT WARNING * * *
Your crimson imp hits the two-headed ogre.
You see here 2 arrows.
Something hits you but does no damage.
The centaur shoots an arrow.
The arrow barely misses you.
The centaur shoots an arrow.
The arrow hits you!
You die...

Action                   |  1- 3 |  4- 6 |  7- 9 | 10-12 || total
-------------------------+-------+-------+-------+-------++-------
Melee: Spear             |   140 |    35 |       |    69 ||   244
       Short sword       |       |   145 |    86 |       ||   231
       Dagger            |       |       |   648 |     1 ||   649
       Trident           |       |       |    24 |   167 ||   191
 Cast: Summon Small Mamm |    10 |     3 |       |       ||    13
       Call Imp          |     8 |    40 |    82 |    19 ||   149
       Call Canine Famil |       |       |     3 |     5 ||     8
  Use: Scroll            |       |     6 |     5 |       ||    11
 Stab: Sleeping          |     5 |    13 |    10 |     4 ||    32
       Distracted        |       |     3 |     5 |     2 ||    10
Armor: Robe              |    25 |    32 |   135 |    24 ||   216
       Ring mail         |       |       |       |    20 ||    20
Dodge: Dodged            |   101 |   143 |   720 |   212 ||  1176
       Repelled          |     1 |       |       |       ||     1

Levels and vault maps discovered:
D:1:      heliophobic_arrival_glass_houses, layout_basic, serial_forest,
          infiniplex_forest_end_1, infiniplex_forest_straight_4,
          infiniplex_forest_clump_tiny, infiniplex_forest_clump_tiny
D:2:      layout_loops_ring
D:3:      layout_basic, kiku_gazebo_garden_becter, ebering_ghost_disaster_area,
          grunt_ministairs_8, feat_on_display, uniq_natasha
D:4:      layout_loops_ring, portal_sewer_entry_e
D:5:      layout_basic, gammafunk_temple_overflow_elements,
          nicolae_overflow_crystal_walls
D:6:      layout_basic, nicolae_overflow_hidden_temple,
          gup_ossuary_entry_pyramid, amethyst_killhole, uniq_menkaure,
          uniq_blork_the_orc, uniq_duvessa
D:7:      layout_basic, cheibrodos_ashenzari_chains, minmay_temple_entry_slanted
D:8:      layout_loops_ring, kennysheep_generic_room_15
D:9:      minmay_bloctagon_deflated, layout_basic, dpeg_lair_monsters,
          david_orc_4, basic_altar, uniq_maggie, uniq_maurice
Temple:   regret_index_temple_sphere_string

Notes
Turn   | Place    | Note
-------+----------+-------------------------------------------
     0 | D:1      | sanka the Halfling Summoner began the quest for the Orb.
     0 | D:1      | Reached XP level 1. HP: 11/11 MP: 3/3
   386 | D:1      | Reached XP level 2. HP: 14/17 MP: 4/4
   631 | D:1      | Learned a level 2 spell: Call Imp
  1244 | D:2      | Reached skill level 2 in Spellcasting
  1402 | D:2      | Reached XP level 3. HP: 21/21 MP: 6/6
  1719 | D:2      | Reached skill level 4 in Summonings
  2323 | D:2      | Reached XP level 4. HP: 22/27 MP: 2/7
  2805 | D:3      | Found an ancient bone altar of Kikubaaqudgha.
  3227 | D:3      | Noticed Natasha
  3238 | D:3      | Killed Natasha
  3238 | D:3      | Reached XP level 5. HP: 30/31 MP: 1/8
  3252 | D:3      | Noticed Natasha
  3269 | D:3      | Killed Natasha
  3269 | D:3      | Reached skill level 5 in Summonings
  3432 | D:3      | Noticed Natasha
  3442 | D:3      | HP: 1/31 [shadow imp[Natasha] (3)]
  3443 | D:3      | Killed Natasha
  3829 | D:3      | Found a large runed translucent door.
  3830 | D:3      | Found a large runed translucent door.
  3991 | D:3      | Noticed arkorax's ghost (amateur DEBe)
  4260 | D:3      | Killed arkorax's ghost
  4260 | D:3      | Reached XP level 6. HP: 34/37 MP: 3/9
  4410 | D:4      | Reached skill level 3 in Dodging
  4439 | D:4      | Reached skill level 1 in Fighting
  4666 | D:4      | Noticed an ogre
  4681 | D:4      | Killed an ogre
  4789 | D:4      | Found a glowing drain.
  4796 | Sewer    | Entered a sewer
  4921 | Sewer    | Reached skill level 4 in Dodging
  4921 | Sewer    | Reached XP level 7. HP: 40/43 MP: 5/10
  5175 | Sewer    | Reached skill level 2 in Fighting
  6248 | D:5      | Entered Level 5 of the Dungeon
  6308 | D:5      | Noticed a hippogriff
  6643 | D:5      | Reached skill level 5 in Dodging
  6717 | D:5      | Killed a hippogriff
  6717 | D:5      | Reached skill level 6 in Summonings
  6717 | D:5      | Reached XP level 8. HP: 41/51 MP: 2/11
  6796 | D:5      | Learned a level 3 spell: Call Canine Familiar
  6870 | D:5      | Found a glowing golden altar of the Shining One.
  6870 | D:5      | Found a burning altar of Makhleb.
  7341 | D:5      | Found an ornate altar of the Wu Jian Council.
  7601 | D:6      | Reached skill level 3 in Fighting
  7601 | D:6      | Reached skill level 6 in Dodging
  7610 | D:6      | Noticed Dowan
  7616 | D:6      | Noticed Duvessa
  7642 | D:6      | Killed Duvessa
  7645 | D:6      | Killed Dowan
  7686 | D:6      | Noticed Menkaure
  7706 | D:6      | Killed Menkaure
  7713 | D:6      | Found a snail-covered altar of Cheibriados.
  7781 | D:6      | Found a sand-covered staircase.
  7797 | Ossuary  | Entered an ossuary
  8160 | Ossuary  | Reached skill level 7 in Dodging
  8439 | Ossuary  | Reached XP level 9. HP: 58/58 MP: 12/12
  8549 | Ossuary  | Reached skill level 4 in Fighting
  9096 | D:6      | Noticed Blork the orc
  9112 | D:6      | Killed Blork the orc
  9112 | D:6      | Reached skill level 8 in Dodging
  9470 | D:6      | Reached skill level 7 in Summonings
 10016 | D:7      | Reached skill level 9 in Dodging
 10204 | D:7      | Reached skill level 5 in Fighting
 10515 | D:7      | Reached XP level 10. HP: 51/66 MP: 6/13
 10611 | D:7      | Found a staircase to the Ecumenical Temple.
 10636 | Temple   | Entered the Ecumenical Temple
 10821 | Temple   | Became a worshipper of Ru the Awakened
 11085 | D:7      | Found a broken altar of Ashenzari.
 11176 | D:7      | Got a bloodstained spear
 11177 | D:7      | Identified the +4 spear of the Immovable Olives {drain,
                  | *Drain rElec Dex+5} (You found it on level 7 of the
                  | Dungeon)
 11226 | D:8      | Reached skill level 10 in Dodging
 11232 | D:8      | Learned a level 4 spell: Summon Ice Beast
 11481 | D:8      | Reached skill level 1 in Ice Magic
 11807 | D:8      | Reached skill level 2 in Ice Magic
 11965 | D:8      | Noticed a two-headed ogre
 11976 | D:8      | HP: 4/66 [two-headed ogre/+0 giant spiked club (17)]
 11993 | D:8      | Killed a two-headed ogre
 11993 | D:8      | Reached skill level 11 in Dodging
 11993 | D:8      | Reached skill level 8 in Summonings
 12181 | D:8      | Reached skill level 3 in Ice Magic
 12660 | D:9      | Noticed a two-headed ogre
 12665 | D:9      | Shot with an arrow by a centaur

Vanquished Creatures
  2 hippogriffs
  Menkaure (D:6)
  A sky beast (D:8)
  2 ogres
  An ice beast (D:8)
  3 centaurs
  A crocodile (D:9)
  3 big kobolds
  6 bullfrogs
  A wyvern zombie (D:7)
  A wyvern skeleton (D:8)
  9 scorpions
  6 wights (D:8)
  A centaur zombie (Ossuary)
  2 jellies (D:7)
  5 hounds
  A bullfrog skeleton (D:7)
  2 orc priests
  A centaur skeleton (D:7)
  A gnoll shaman (D:6)
  3 orc wizards
  Natasha (D:3)
  5 worker ants
  A big kobold zombie (Ossuary)
  3 hound zombies
  A hound skeleton (D:7)
  4 mummies
  A howler monkey zombie (D:8)
  A howler monkey skeleton (D:5)
  3 adders
  2 gnolls (D:6)
  3 river rats (Sewer)
  7 scorpion zombies (Ossuary)
  2 ufetubi
  An ooze (D:2)
  An adder skeleton (D:6)
  4 worms
  6 dart slugs
  4 leopard geckos
  6 orcs
  6 ball pythons
  3 bats
  3 giant cockroaches
  A gnoll zombie (Ossuary)
  3 goblins
  2 hobgoblins
  12 jackals
  15 kobolds
  3 quokkas
  3 frilled lizards
  A goblin zombie (Ossuary)
  3 hobgoblin zombies (Ossuary)
  A kobold zombie (Ossuary)
  A leopard gecko skeleton (D:6)
  An orc zombie (Ossuary)
  17 rats
184 creatures vanquished.

Vanquished Creatures (collateral kills)
  A two-headed ogre (D:8)
  A hippogriff (D:5)
  An orc warrior (D:7)
  Duvessa (D:6)
  A black bear (D:6)
  2 phantoms
  3 ogres
  The ghost of arkorax the Ducker, an amateur DEBe of Trog (D:3)
  Blork the orc (D:6)
  2 big kobolds
  Dowan (D:6)
  A scorpion (Ossuary)
  3 wights (D:8)
  A centaur skeleton (D:7)
  An orc priest (D:9)
  2 orc wizards
  Natasha (twice) (D:3)
  A worker ant (D:6)
  A big kobold zombie (Ossuary)
  7 gnolls (D:6)
  13 adders
  3 river rats (Sewer)
  A white imp (D:7)
  An ooze (D:3)
  2 worms
  A dart slug (D:4)
  2 leopard geckos
  7 orcs
  2 ball pythons (Sewer)
  A bat (D:3)
  A giant cockroach (D:4)
  A goblin (D:3)
  2 hobgoblins
  7 jackals
  A frilled lizard (D:2)
  8 kobolds
  10 rats (Sewer)
97 creatures vanquished.

Vanquished Creatures (others)
  A gnoll zombie (Ossuary)
1 creature vanquished.

Grand Total: 282 creatures vanquished
